 Dungeon Crawl Stone Soup version 0.21.1-1-g345015f (webtiles) character file.

21 shakethe the Ogre Mage (level 2, 0/28 HPs)
             Began as an Ogre Wizard on Feb 18, 2018.
             Slain by a quokka (5 damage)
             ... on level 1 of the Dungeon.
             The game lasted 00:06:38 (1898 turns).

shakethe the Ogre Mage (Ogre Wizard)                Turns: 1898, Time: 00:06:39

Health: 0/28       AC:  3    Str: 10    XL:     2   Next: 87%
Magic:  2/6        EV: 10    Int: 19    God:
Gold:   52         SH:  0    Dex:  7    Spells: 5/8 levels left

rFire    . . .     SeeInvis .   (no weapon)
rCold    . . .     Gourm    .   (no shield)
rNeg     . . .     Faith    .   a - +0 robe
rPois    .         Spirit   .   b - +0 hat
rElec    .         Reflect  .   (no cloak)
rCorr    .         Harm     .   (gloves unavailable)
MR       .....                  (boots unavailable)
Stlth    +.........             (no amulet)
HPRegen  0.09/turn              (no ring)
MPRegen  0.10/turn              (no ring)

@: very slightly contaminated
A: large, unfitting armour, tough skin 1
a: no special abilities


You were on level 1 of the Dungeon.
You were not hungry.

You visited 1 branch of the dungeon, and saw 2 of its levels.

You collected 52 gold pieces.

Inventory:

Hand Weapons
 i - a +0 club
   (You took it off a hobgoblin on level 1 of the Dungeon)
Armour
 a - a +0 robe (worn)
 b - a +0 hat (worn)
Scrolls
 g - a scroll of fear {unknown}
 k - a scroll of identify {unknown}
 l - a scroll of teleportation {unknown}
 n - a scroll of enchant armour {unknown}
 p - a scroll of enchant weapon {unknown}
Potions
 e - a potion of brilliance {unknown}
 f - a potion of lignification {unknown}
 h - 2 potions of flight {unknown}
 j - a potion of cancellation {unknown}
 m - a potion of curing {unknown}
Books
 c - a book of Minor Magic
Comestibles
 d - 3 rations
 o - a chunk of flesh {@w0}


   Skills:
 + Level 2.1 Fighting
 - Level 1.7 Dodging
 - Level 1.6 Stealth
 - Level 3.6 Spellcasting
 + Level 1.4 Conjurations
   Level 0.8 Summonings
 + Level 1.0 Translocations


You had 5 spell levels left.
You knew the following spells:

 Your Spells              Type           Power        Failure   Level  Hunger
a - Magic Dart            Conj           #...         8%          1    None
b - Blink                 Tloc           N/A          14%         2    ##.....


Dungeon Overview and Level Annotations

Branches:
Dungeon (2/15)

Altars:
Hepliaklqana


Innate Abilities, Weirdness & Mutations

You are too large for most types of armour.
You have tough skin. (AC +1)


Message History

You closely miss the bat. The bat hits you but does no damage.
The bat hits you but does no damage.
You barely miss the bat. The bat hits you. The bat barely misses you.
You barely miss the bat. The bat hits you but does no damage.
You hit the bat. The bat closely misses you. The bat barely misses you.
You hit the bat.
You kill the bat!
No target in view!
No target in view!
No target in view!
No target in view!
No target in view!
No target in view!
No target in view!
No target in view!
No target in view!
No target in view!
No target in view!
No target in view!
No target in view!
No target in view!
No target in view!
You see here a bat corpse.
You butcher the bat corpse.
o - 2 chunks of flesh {@w0} (gained 1) Done exploring.
Done exploring.
Done exploring.
Memorise Blink, consuming 2 spell levels and leaving 5?
You start memorising the spell.
You continue memorising. x2
You finish memorising.
Spell assigned to 'b'.
There is a stone staircase leading down here.
You climb downwards.
There is a stone staircase leading up here.
There is a stone staircase leading up here.
Found a stone staircase leading up.
Health restored: 28 An ooze comes into view.
Found a hazy altar of Hepliaklqana.
The helpless ooze fails to defend itself.
You hit the ooze. The ooze hits you but does no damage.
You hit the ooze. The ooze hits you.
You take 2 damage, and have 26/28 hp.
You hit the ooze. The ooze hits you.
You take 1 damage, and have 25/28 hp.
You hit the ooze.
You kill the ooze!
Your Translocations skill increases to level 1!
A quokka comes into view.
The quokka barely misses you.
You completely miss the quokka. The quokka bites you.
You take 4 damage, and have 22/28 hp.
You closely miss the quokka. The quokka barely misses you.
The quokka bites you.
You take 5 damage, and have 17/28 hp.
You miss the quokka. The quokka barely misses you.
Some of the chunks of flesh in your inventory have rotted away.
You miss the quokka. The quokka barely misses you. The quokka bites you.
You take 3 damage, and have 14/28 hp.
You closely miss the quokka. The quokka closely misses you.
You miss the quokka. The quokka misses you. The quokka bites you.
You take 1 damage, and have 14/28 hp.
You closely miss the quokka. The quokka bites you.
You take 1 damage, and have 13/28 hp.
You closely miss the quokka. The quokka barely misses you.
The quokka bites you.
You take 4 damage, and have 9/28 hp.
You barely miss the quokka. The quokka bites you.
* * * LOW HITPOINT WARNING * * *
You take 1 damage, and have 8/28 hp.
You closely miss the quokka.
The quokka bites you but does no damage.
The quokka closely misses you. The quokka bites you.
* * * LOW HITPOINT WARNING * * *
You take 2 damage, and have 6/28 hp.
The quokka bites you.
* * * LOW HITPOINT WARNING * * *
You take 1 damage, and have 6/28 hp.
The quokka bites you.
* * * LOW HITPOINT WARNING * * *
There is a stone staircase leading up here.
You take 2 damage, and have 4/28 hp.
The quokka barely misses you.
You climb upwards.
There is a stone staircase leading down here.
The quokka closely misses you.
Okay, then.
You blink.
The quokka closely misses you.
The quokka bites you but does no damage.
You now have 4/6 mp.
You are now empty-handed.
You are already empty-handed.
You miscast Blink.
You are very lightly contaminated with residual magic.
Nothing appears to happen.
The quokka bites you.
You die...

..##.........####...##
...'.........+.......#
#.##.........####...##
............## #.>.##
#.####.....## #.###
#.# ##...## #.# ..#
##'## #.# ########.##
#.# #.....).# #@#
#.####..######r#
#.###......).ยง.#
###.##.....#######
..........##
.##.......#
....##...## .##......#
.#####.#.#


You could see a quokka.

Vanquished Creatures
  An ooze (D:2)
  A dart slug (D:1)
  2 giant cockroaches (D:1)
  A goblin (D:1)
  5 hobgoblins (D:1)
  A kobold (D:1)
  A bat (D:1)
  2 frilled lizards (D:1)
14 creatures vanquished.

Notes
Turn   | Place    | Note
-------+----------+-------------------------------------------
     0 | D:1      | shakethe the Ogre Wizard began the quest for the Orb.
     0 | D:1      | Reached XP level 1. HP: 16/16 MP: 5/5
   152 | D:1      | Reached skill level 1 in Fighting
   465 | D:1      | HP: 2/19 [hobgoblin/club (4)]
   490 | D:1      | HP: 1/19 [hobgoblin/club (2)]
   515 | D:1      | HP: 2/19 [hobgoblin/club (1)]
   564 | D:1      | HP: 1/19 [hobgoblin/club (4)]
   746 | D:1      | Reached skill level 1 in Conjurations
   746 | D:1      | Reached XP level 2. HP: 8/27 MP: 2/6
   748 | D:1      | HP: 1/27 [hobgoblin/club (8)]
  1637 | D:1      | Reached skill level 2 in Fighting
  1818 | D:1      | Learned a level 2 spell: Blink
  1853 | D:2      | Found a hazy altar of Hepliaklqana.
  1857 | D:2      | Reached skill level 1 in Translocations
  1876 | D:2      | HP: 6/28 [quokka (2)]
  1881 | D:2      | HP: 6/28 [quokka (1)]
  1886 | D:2      | HP: 4/28 [quokka (2)]
  1898 | D:1      | Slain by a quokka

Skill      XL: |  1  2 |
---------------+-------+-----
Fighting       | 1 2 |  2.1
Conjurations   | 1 |  1.4
Translocations | 1 |  1.0
Dodging        | |  1.7
Stealth        | |  1.6
Spellcasting   | |  3.6
Summonings     | |  0.8

Action                   || total
-------------------------++-------
Melee: Unarmed           ||    31
       Club              ||    66
 Cast: Magic Dart        ||    36
       Blink             ||     1
 Stab: Sleeping          ||     1
  Eat: Ration            ||     1
Armor: Robe              ||    44
Dodge: Dodged            ||    71

Vault maps used:
D:1:      minmay_arrival_glassed_features
D:2:      nicolae_overflow_hidden_temple, first_ration, uniq_robin

Table legend:
 A = Turns spent in this place as a percentage of turns spent in the entire game.
 B = Non-inter-level travel turns spent in this place as a percentage of non-inter-level travel turns spent in the entire game.
 C = Inter-level travel turns spent in this place as a percentage of turns spent in this place.
 D = Turns resting spent in this place as a percentage of non-inter-level travel turns spent in this place.
 E = Turns spent auto-exploring this place as a percentage of non-inter-level travel turns spent in this place.
 F = Non-inter-level travel turns spent in this place divided by the number of levels of this place that you've seen.
                   A       B       C       D       E      F
               +-------+-------+-------+-------+-------+----------------------
         Total | 100.0 | 100.0 |   0.0 |  29.8 |  28.4 | 949.0
       Dungeon | 100.0 | 100.0 |   0.0 |  29.8 |  28.4 | 949.0
               +-------+-------+-------+-------+-------+----------------------

Table legend:
 A = Kills in this place as a percentage of kills in entire the game.
 B = Kills by you in this place as a percentage of kills by you in the entire game.
 C = Kills by friends in this place as a percentage of kills by friends in the entire game.
 D = Other kills in this place as a percentage of other kills in the entire game.
 E = Experience gained in this place as a percentage of experience gained in the entire game.
 F = Experience gained in this place divided by the number of levels of this place that you have seen.
                   A       B       C       D       E      F
               +-------+-------+-------+-------+-------+----------------------
         Total | 100.0 | 100.0 |   N/A |   N/A | 100.0 |  15.5
       Dungeon | 100.0 | 100.0 |   N/A |   N/A | 100.0 |  15.5
               +-------+-------+-------+-------+-------+----------------------
